 Dungeon Crawl Stone Soup version 0.20-a0-1016-g241539b (webtiles) character file.

191 Leonis the Skirmisher (level 5, 0/50 HPs)
             Began as a Hill Orc Monk on Apr 12, 2017.
             Slain by CowPatty's ghost (7 damage)
             ... on level 4 of the Dungeon on Apr 15, 2017.
             The game lasted 00:16:32 (2251 turns).

Leonis the Skirmisher (Hill Orc Monk)               Turns: 2251, Time: 00:16:33

Health: 0/50       AC:  6    Str: 20    XL:     5   Next: 70%
Magic:  4/4        EV: 10    Int: 10    God:
Gold:   95         SH:  0    Dex: 13    Spells: 4/4 levels left

rFire    . . .     SeeInvis .   j - +3 dagger (venom)
rCold    . . .     Gourm    .   (no shield)
rNeg     . . .     Faith    .   g - +0 ring mail
rPois    .         Spirit   .   (helmet restricted)
rElec    .         Reflect  .   (no cloak)
rCorr    .         Harm     .   (no gloves)
MR       +....                  E - +0 pair of boots
Stlth    +.........             (no amulet)
Regen    0.2/turn               B - ring of protection from magic
MPRegen  0.1/turn               (no ring)

@: mighty, very heavily drained
A: beak, low mp 1
a: no special abilities


You were on level 4 of the Dungeon.
You were hungry.

You visited 1 branch of the dungeon, and saw 4 of its levels.

You collected 185 gold pieces.
You spent 90 gold pieces at shops.

Inventory:

Hand Weapons
 j - a +3 dagger of venom (weapon)
 l - a +1 whip of distortion
 o - a +4 dagger of speed
 t - a +0 falchion
Missiles
 a - 42 bolts
 k - 40 arrows
 z - 3 tomahawks (quivered)
Armour
 g - a +0 ring mail (worn)
 E - a +0 pair of boots (worn)
Magical Staves
 D - an uncursed staff of energy {unknown}
Jewellery
 B - a ring of protection from magic (left hand)
Scrolls
 c - 2 scrolls of magic mapping {unknown}
 h - 3 scrolls of teleportation
 i - 3 scrolls of identify
 r - a scroll of remove curse {unknown}
 s - 2 scrolls of noise {unknown}
 w - 2 scrolls of immolation
 y - a scroll of fog {unknown}
Potions
 d - a potion of brilliance {unknown}
 e - 2 potions of curing
 f - 2 potions of heal wounds {unknown}
 m - a potion of haste {unknown}
 n - a potion of cancellation {unknown}
 p - 2 potions of lignification {unknown}
 u - 2 potions of magic {unknown}
 v - a potion of mutation {unknown}
 A - a potion of might
Comestibles
 b - 2 bread rations
 q - 2 royal jellies
 x - a chunk of flesh
 C - a fruit


   Skills:
 * Level 5.9(2.3) Fighting
 + Level 2.2(0.0) Short Blades
 * Level 2.3(0.0) Armour
 + Level 3.8(0.3) Dodging
 + Level 3.6(0.1) Stealth


You had 4 spell levels left.
You didn't know any spells.

Dungeon Overview and Level Annotations

Branches:
Dungeon (4/15)
 Temple: D:4-7

Altars:
Cheibriados
Dithmenos
Hepliaklqana
Zin
The Shining One

Annotations:
D:4 CowPatty's ghost, amateur DsMo


Innate Abilities, Weirdness & Mutations

You have a beak for a mouth.
Your magical capacity is low. (-10% MP)


Message History

You feel very mighty all of a sudden. The hound skeleton bites you.
* * * LOW HITPOINT WARNING * * *
CowPatty's ghost hits you.
* * * LOW HITPOINT WARNING * * *
You feel drained.
You puncture CowPatty's ghost!
CowPatty's ghost is heavily damaged.
The hound skeleton bites you.
* * * LOW HITPOINT WARNING * * *
CowPatty's ghost hits you but does no damage.
You feel drained.
You barely miss the hound skeleton. You peck the hound skeleton.
You destroy the hound skeleton!
CowPatty's ghost hits you but does no damage.
You feel drained.
You puncture CowPatty's ghost! Your peck misses CowPatty's ghost.
CowPatty's ghost is almost destroyed.
CowPatty's ghost hits you!
You die...

#>#.####.###.# #.#.#
#.# #.# ..#.. ..# #.#
############.#####
....##........# .
........#...#.#####..
....#...#...#........
.. #................
.#........@W......
.............###....
....#........# .
#.#.###.#$#### #...
...#.# ### #####.#
#.# ... #.#


You could see CowPatty's ghost.

Vanquished Creatures
  Jessica (D:2)
  A worker ant (D:4)
  A hound skeleton (D:4)
  Robin (D:2)
  An adder (D:2)
  An ooze (D:3)
  A dart slug (D:2)
  A leopard gecko (D:3)
  5 orcs (D:3)
  A ball python (D:3)
  A bat skeleton (D:2)
  19 giant cockroaches
  11 goblins
  5 hobgoblins
  12 bats
  3 frilled lizards
  3 giant cockroach zombies (D:2)
  10 kobolds
  A quokka skeleton (D:2)
  A quokka zombie (D:2)
  10 rats
90 creatures vanquished.

Notes
Turn   | Place    | Note
-------+----------+-------------------------------------------
     0 | D:1      | Leonis the Hill Orc Monk began the quest for the Orb.
     0 | D:1      | Reached XP level 1. HP: 22/22 MP: 1/1
    61 | D:1      | Reached skill level 5 in Fighting
   166 | D:1      | Reached XP level 2. HP: 29/29 MP: 2/2
   349 | D:1      | Gained mutation: You have a beak for a mouth. [mutagenic glow]
   393 | D:1      | Gained mutation: Your magical capacity is low. (-10% MP) [mutagenic glow]
   401 | D:1      | Upgraded the game from 0.20-a0-1000-g0e8f6bb to 0.20-a0-1016-g241539b
   733 | D:2      | Reached XP level 3. HP: 33/36 MP: 2/2
   745 | D:2      | Noticed Jessica
   764 | D:2      | Killed Jessica
   803 | D:2      | Reached XP level 4. HP: 28/44 MP: 3/3
   885 | D:2      | Reached skill level 1 in Short Blades
   885 | D:2      | Reached skill level 1 in Armour
  1003 | D:2      | Noticed Robin
  1027 | D:2      | Killed Robin
  1135 | D:2      | Found a shadowy altar of Dithmenos.
  1325 | D:3      | Found a hazy altar of Hepliaklqana.
  1462 | D:3      | Found a glowing silver altar of Zin.
  1472 | D:3      | Found Zin's Purification Station.
  1498 | D:3      | Bought a potion of curing for 90 gold pieces
  1548 | D:3      | Reached XP level 5. HP: 21/50 MP: 4/4
  1941 | D:3      | Found a snail-covered altar of Cheibriados.
  1942 | D:3      | Found a glowing golden altar of the Shining One.
  2230 | D:4      | Noticed CowPatty's ghost (amateur DsMo)
  2251 | D:4      | Slain by CowPatty's ghost

Vault maps used:
D:1:      mushboom_english_gardens, minmay_misc_feat_square,
          minmay_misc_feat_tower
D:2:      grunt_dithmenos_smoke, serial_undead, serial_undead_b,
          serial_undead_d, serial_undead_a, serial_undead_c, uniq_jessica,
          uniq_robin
D:3:      minmay_roachtagon, zin_purify, lemuel_doored_altar,
          gammafunk_temple_overflow_statue, first_bread

Skill      XL: |  1  2  3  4  5 |
---------------+----------------+-----
Fighting       | 5 |  5.9
Short Blades   | 1 2 |  2.2
Armour         | 1 2 |  2.3
Dodging        | |  3.8
Stealth        | |  3.6

Action                   |  1- 3 |  4- 6 || total
-------------------------+-------+-------++-------
Melee: Short sword       |    22 |       ||    22
       Dagger            |    42 |   171 ||   213
       Peck              |     3 |    19 ||    22
  Use: Scroll            |       |     2 ||     2
       Potion            |       |     1 ||     1
 Stab: Sleeping          |     5 |     1 ||     6
  Eat: Chunk             |       |     4 ||     4
Armor: Ring mail         |    18 |    71 ||    89
       Robe              |     2 |       ||     2
Dodge: Dodged            |    32 |   101 ||   133
